 Dungeon Crawl Stone Soup version 0.23-a0-586-gacb4b3f (webtiles) character file.

473 galech the Chopper (level 6, -1/48 HPs)
             Began as a Demonspawn Fighter on Dec 19, 2018.
             Slain by a slave (5 damage)
             ... led by Pikel
             ... on level 4 of the Dungeon.
             The game lasted 00:03:32 (3525 turns).

galech the Chopper (Demonspawn Fighter)             Turns: 3525, Time: 00:03:33

Health: -1/48      AC:  7    Str: 16    XL:     6   Next: 83%
Magic:  6/6        EV:  8    Int: 10    God:
Gold:   177        SH:  9    Dex: 14    Spells: 5/5 levels left

rFire    . . .     SeeInvis .   a - +0 war axe
rCold    . . .     Gourm    .   c - +0 shield
rNeg     . . .     Faith    .   b - +0 scale mail
rPois    .         Spirit   .   (no helmet)
rElec    .         Reflect  .   (no cloak)
rCorr    .         Harm     .   (no gloves)
MR       .....                  (no boots)
Stlth    +.........             o - amulet of the acrobat
HPRegen  0.16/turn              (no ring)
MPRegen  0.10/turn              (no ring)

@: no status effects
A: claws 2, sturdy frame 1
a: no special abilities


You were on level 4 of the Dungeon.
You were not hungry.

You visited 1 branch of the dungeon, and saw 4 of its levels.

You collected 177 gold pieces.

Inventory:

Hand Weapons
 a - a +0 war axe (weapon)
Armour
 b - a +0 scale mail (worn)
 c - a +0 shield (worn)
Jewellery
 h - an uncursed amulet of faith
 o - an amulet of the acrobat (around neck)
Scrolls
 d - 2 scrolls of remove curse {unknown}
 g - 3 scrolls of identify {unknown}
 j - 3 scrolls of enchant armour {unknown}
 k - 4 scrolls of teleportation {unknown}
 m - 2 scrolls of noise {unknown}
 p - a scroll of blinking {unknown}
 q - a scroll of fog {unknown}
 r - a scroll of amnesia {unknown}
Potions
 e - a potion of haste {unknown}
 i - 2 potions of flight {unknown}
 l - a potion of lignification {unknown}
Comestibles
 f - 8 rations


   Skills:
 + Level 3.8 Fighting
 + Level 4.3 Axes
 + Level 4.2 Armour
 + Level 1.3 Dodging
 + Level 0.5 Stealth
 + Level 3.8 Shields


You had 5 spell levels left.
You didn't know any spells.
Your spell library contained the following spells:

 Spells                   Type           Power        Failure   Level  Hunger
 Magic Dart               Conj           #...         98%         1    ##.....
 Searing Ray              Conj           #.....       99%         2    ###....
 Dazzling Spray           Conj/Hex       #.....       100%        3    ####...
 Force Lance              Conj/Tloc      #.......     100%        4    #####..
 Fulminant Prism          Conj/Hex       #.........   100%        4    #####..
 Iskenderun's Mystic Bla  Conj           #.......     100%        4    #####..


Dungeon Overview and Level Annotations

Branches:
Dungeon (4/15)
 Temple: D:4-7

Altars:
Nemelex Xobeh

Shops:
D:4 *

Annotations:
D:3 3 runed doors, Lanoc's ghost, amateur HOCK
D:4 Pikel


Innate Abilities, Weirdness & Mutations

You have very sharp fingernails.
Your movements are slightly less encumbered by armour. (ER -2)


Message History

You are too injured to fight recklessly!
You are too injured to fight recklessly!
You are too injured to fight recklessly!
You are too injured to fight recklessly!
You are too injured to fight recklessly!
Your shield prevents you from hitting the slave.
You hit the slave but do no damage. The slave hits you.
The slave hits you but does no damage.
You closely miss the slave.
Your shield and scale mail prevent you from hitting the slave.
The slave hits you.
* * * LOW HITPOINT WARNING * * *
The slave barely misses you.
You closely miss the slave. You hit the slave but do no damage.
The slave hits you.
* * * LOW HITPOINT WARNING * * *
The slave hits you!
* * * LOW HITPOINT WARNING * * *
You block the slave's attack. The slave hits you.
You die...

#####o###.# #.#
#.# ##.###.#
#......#######
#......##........#
#.###.###........#
... #.[......#
###. #pp).....#
######.@......#
........<......#
#######..).....#
#........#
##########


You could see 2 slaves.

Vanquished Creatures
  Sigmund (D:2)
  2 slaves (D:3)
  A hound (D:4)
  3 orc priests
  A worker ant (D:3)
  5 gnolls
  4 adders
  3 worms
  4 leopard geckos
  8 orcs
  2 ball pythons (D:1)
  8 giant cockroaches
  8 goblins
  6 hobgoblins
  8 kobolds
  4 bats
  3 frilled lizards
  A leopard gecko skeleton (D:4)
  4 rats
76 creatures vanquished.

Vanquished Creatures (others)
  2 fungi (D:3)
  2 plants (D:3)
4 creatures vanquished.

Grand Total: 80 creatures vanquished

Notes
Turn   | Place    | Note
-------+----------+-------------------------------------------
     0 | D:1      | galech the Demonspawn Fighter began the quest for the Orb.
     0 | D:1      | Reached XP level 1. HP: 18/18 MP: 1/1
   212 | D:1      | Gained mutation: You have sharp fingernails. [demonic
                  | ancestry]
   212 | D:1      | Reached XP level 2. HP: 24/24 MP: 2/2
   774 | D:1      | Gained mutation: You have very sharp fingernails. [demonic
                  | ancestry]
   774 | D:1      | Reached XP level 3. HP: 26/29 MP: 3/3
  1367 | D:2      | Noticed Sigmund
  1379 | D:2      | Killed Sigmund
  1379 | D:2      | Reached XP level 4. HP: 16/35 MP: 4/4
  1379 | D:2      | Reached XP level 5. HP: 19/41 MP: 5/5
  1891 | D:2      | Reached skill level 1 in Dodging
  2220 | D:3      | Found a sparkling altar of Nemelex Xobeh.
  2222 | D:3      | Gained mutation: Your movements are slightly less
                  | encumbered by armour. (ER -2) [demonic ancestry]
  2222 | D:3      | Reached XP level 6. HP: 42/47 MP: 6/6
  2441 | D:3      | Found a runed gate.
  2442 | D:3      | Found a runed gate.
  2442 | D:3      | Noticed Lanoc's ghost (amateur HOCK)
  2443 | D:3      | Found a runed gate.
  2959 | D:4      | Found Rem Juakh's Assorted Antiques.
  3034 | D:4      | Noticed Pikel
  3034 | D:4      | Noticed a slave
  3035 | D:4      | Noticed a slave
  3035 | D:4      | Noticed a slave
  3035 | D:4      | Noticed a slave
  3254 | D:3      | Killed a slave
  3264 | D:3      | Killed a slave
  3525 | D:4      | Slain by a slave

Vault maps used:
D:1:      sevenhm_arrival_forest_fort_small_4, hangedman_glass_teeth,
          chequers_serial_rivers_micro_a
D:2:      minmay_general_purpose_star, first_ration, uniq_sigmund
D:3:      lemuel_doored_altar, gammafunk_ghost_nasty_kobolds, serial_rivers,
          chequers_serial_rivers_micro_d, chequers_serial_rivers_micro_a,
          chequers_serial_rivers_large_b, chequers_serial_rivers_small_a,
          chequers_serial_rivers_small_a
D:4:      serial_shops, nicolae_shop_behind_doors, uniq_pikel

Skill      XL: |  1  2  3  4  5  6 |
---------------+-------------------+-----
Axes           | 2 3 4 |  4.3
Armour         | 3 4 |  4.2
Shields        | 3 |  3.8
Dodging        | 1 |  1.3
Fighting       | |  3.8
Stealth        | |  0.5

Action                   |  1- 3 |  4- 6 || total
-------------------------+-------+-------++-------
Melee: War axe           |    93 |   206 ||   299
  Use: Potion            |     1 |       ||     1
  Eat: Chunk             |     2 |     7 ||     9
Armor: Scale mail        |    41 |    74 ||   115
Dodge: Dodged            |    25 |    92 ||   117
Block: Shield            |    51 |   105 ||   156

Table legend:
 A = Non-vault XP
 B = Vault XP
 C = Vault XP percentage of total XP
 D = Non-vault monster count
 E = Vault monster count
 F = Vault count percentage of total count
                 A         B        C        D         E       F
            +---------+---------+-------+---------+---------+-------
      Total |     431 |     245 |  36.2 |      71 |       3 |   4.1
            +---------+---------+-------+---------+---------+-------
        D:1 |      41 |       0 |   0.0 |      16 |       0 |   0.0
        D:2 |      86 |     245 |  74.0 |      18 |       3 |  14.3
        D:3 |     208 |       0 |   0.0 |      31 |       0 |   0.0
        D:4 |      96 |       0 |   0.0 |       6 |       0 |   0.0
            +---------+---------+-------+---------+---------+-------
